 Dungeon Crawl Stone Soup version 0.21-a0-584-g185da8e (webtiles) character file.

1309 FivePercentEmpty the Cudgeler (level 8, 0/46 HPs)
             Began as a Gargoyle Earth Elementalist on Dec 20, 2017.
             Was a Follower of Vehumet.
             Slain by an ogre
             ... wielding a +0 giant club
              (20 damage)
             ... on level 5 of the Dungeon on Dec 21, 2017.
             The game lasted 00:27:17 (6040 turns).

FivePercentEmpty the Cudgeler (GrEE)                Turns: 6040, Time: 00:27:17

Health: 0/46       AC: 16    Str: 12    XL:     8   Next: 58%
Magic:  1/12       EV: 11    Int: 18    God:    Vehumet [*.....]
Gold:   190        SH:  0    Dex: 10    Spells: 7/13 levels left

rFire    . . .     SeeInvis .   v - +1 flail
rCold    . . .     Gourm    .   (no shield)
rNeg     + . .     Faith    .   s - +1 acid dragon scales
rPois    ∞         Spirit   .   t - +0 helmet
rElec    +         Reflect  .   j - +0 cloak
rCorr    +         Harm     .   i - +1 pair of gloves
MR       .....                  (no boots)
Stlth    +.........             (no amulet)
HPRegen  0.15/turn              (no ring)
MPRegen  0.13/turn              (no ring)

@: very slightly contaminated
A: negative energy resistance 1, electricity resistance, unbreathing,
petrification resistance, rot immunity, AC +5
a: Renounce Religion


You were on level 5 of the Dungeon.
You worshipped Vehumet.
Vehumet was aware of your devotion.
You were not hungry.

You visited 2 branches of the dungeon, and saw 6 of its levels.
You also visited: Ossuary.

You collected 190 gold pieces.

Inventory:

Hand Weapons
 u - a +3 spear of venom
 v - a +1 flail (weapon)
Missiles
 b - 56 stones (quivered)
 m - 4 tomahawks of returning
Armour
 c - a +0 robe
 i - a +1 pair of gloves (worn)
 j - a +0 cloak (worn)
 o - a +0 leather armour
 q - a +0 ring mail
 s - +1 acid dragon scales (worn)
 t - a +0 helmet (worn)
Jewellery
 k - an uncursed amulet of harm {unknown}
Wands
 w - a wand of flame (17)
Scrolls
 f - 3 scrolls of blinking
 h - 5 scrolls of remove curse
 l - 2 scrolls of teleportation
 F - 2 scrolls of amnesia
Potions
 a - a potion of might {unknown}
 r - a potion of brilliance {unknown}
 x - a potion of flight {unknown}
 z - 2 potions of degeneration {unknown}
 A - 2 potions of cancellation {unknown}
 C - 2 potions of haste {unknown}
 D - 3 potions of curing
 E - a potion of resistance {unknown}
 G - a potion of heal wounds
 H - a potion of mutation {unknown}
Books
 e - a book of Geomancy

   Spells                             Type                      Level
   a - Sandblast                      Earth                        1
   b - Passwall                       Transmutation/Earth          2
   c - Stone Arrow                    Conjuration/Earth            3
   d - Petrify                        Transmutation/Earth          4
   e - Lee's Rapid Deconstruction     Earth                        5
Comestibles
 d - 9 rations
 g - 3 chunks of flesh


   Skills:
 - Level 3.0 Fighting
 * Level 7.6 Maces & Flails
 - Level 1.5 Dodging
 - Level 2.1 Stealth
 - Level 3.1 Spellcasting
 + Level 3.8 Conjurations
 - Level 0.7 Transmutations
 - Level 5.5 Earth Magic


You had 7 spell levels left.
You knew the following spells:

 Your Spells              Type           Power        Failure   Level  Hunger
a - Sandblast             Erth           ###...       2%          1    None
b - Stone Arrow           Conj/Erth      ###...       11%         3    ###....
c - Passwall              Tmut/Erth      ##........   10%         2    ##.....


Dungeon Overview and Level Annotations

Branches:
Dungeon (5/15)             Temple (1/1) D:4

Altars:
Dithmenos
Elyvilon
Fedhas
Gozag
Hepliaklqana
Kikubaaqudgha
Makhleb
Nemelex Xobeh
Okawaru
Ru
Sif Muna
Trog
Uskayaw
Vehumet
Xom
Yredelemnul
Zin
The Shining One

Annotations:
D:5 Eustachio


Innate Abilities, Weirdness & Mutations

You are resistant to torment.
Your stone body is resilient. (AC +5)
You are immune to poison.
You resist negative energy. (rN+)
You are resistant to electric shocks. (rElec)
You can survive without breathing.
You are immune to petrification.
You are immune to rotting.


Message History

The stone arrow hits the ogre.
The ogre is moderately wounded.
Casting: Stone Arrow
Confirm with . or Enter, or press ? or * to list all spells.
Aiming: Stone Arrow
Press: ? - help, Shift-Dir - straight line, f/p - ogre
Aim: an ogre, wielding a giant club (moderately wounded)
The stone arrow misses the ogre.
The ogre closely misses you.
Casting: Stone Arrow
Confirm with . or Enter, or press ? or * to list all spells.
Aiming: Stone Arrow
Press: ? - help, Shift-Dir - straight line, f/p - ogre
Aim: an ogre, wielding a giant club (moderately wounded)
The stone arrow hits the ogre.
The ogre is severely wounded.
The ogre hits you with a giant club!!
Ouch! That really hurt!
There is a stone staircase leading up here.
The ogre hits you with a giant club!!
You die...

#..... #.....
#.... #... #
#..# .#
###..##.##.
#..........
#..@.......
#..O.......
##....##....
.#####.#...#
###
........'###
.#####......#
##.....#
#.....#
#.....#


You could see an ogre.

Vanquished Creatures
  The ghost of MrFrosty176 the Unweaver, a novice DsAK of Lugonu (D:5)
  An ogre (D:3)
  A bullfrog (D:4)
  2 water moccasin zombies (Ossuary)
  A howler monkey (D:4)
  2 hounds
  Natasha (thrice) (D:2)
  2 orc wizards (D:5)
  3 worker ants
  A big kobold zombie (Ossuary)
  A hound zombie (D:5)
  Robin (D:2)
  3 mummies
  A worker ant zombie (D:5)
  4 gnolls (D:4)
  8 adders
  An ooze (D:2)
  5 adder zombies (Ossuary)
  An adder skeleton (D:5)
  2 worms (D:2)
  3 dart slugs (D:2)
  2 leopard geckos
  5 orcs
  A ball python (D:4)
  9 bats
  5 giant cockroaches
  4 gnoll zombies (Ossuary)
  18 goblins
  7 hobgoblins
  8 jackals
  5 kobolds
  2 quokkas
  5 frilled lizards
  4 hobgoblin zombies (Ossuary)
  4 kobold zombies (Ossuary)
  7 orc zombies (Ossuary)
  9 rats
142 creatures vanquished.

Notes
Turn   | Place    | Note
-------+----------+-------------------------------------------
     0 | D:1      | FivePercentEmpty the Gargoyle Earth Elementalist began the quest for the Orb.
     0 | D:1      | Reached XP level 1. HP: 10/10 MP: 3/3
   396 | D:1      | Reached skill level 1 in Maces & Flails
   493 | D:1      | Reached XP level 2. HP: 15/15 MP: 3/5
   896 | D:1      | Reached skill level 2 in Maces & Flails
  1249 | D:2      | Reached XP level 3. HP: 19/19 MP: 2/6
  1609 | D:2      | Reached skill level 3 in Maces & Flails
  2038 | D:2      | Noticed Natasha
  2052 | D:2      | Killed Natasha
  2052 | D:2      | Reached XP level 4. HP: 6/24 MP: 3/7
  2218 | D:2      | Noticed Robin
  2219 | D:2      | Noticed Natasha
  2680 | D:3      | Reached skill level 4 in Maces & Flails
  2733 | D:3      | Learned a level 3 spell: Stone Arrow
  2870 | D:3      | Noticed an ogre
  2948 | D:1      | Reached XP level 5. HP: 19/28 MP: 4/8
  3134 | D:2      | Killed Natasha
  3134 | D:2      | Reached skill level 1 in Conjurations
  3220 | D:2      | Noticed Natasha
  3231 | D:2      | Killed Natasha
  3363 | D:2      | Killed Robin
  3531 | D:2      | Found a faded altar of an unknown god.
  3930 | D:3      | Learned a level 2 spell: Passwall
  4110 | D:3      | Killed an ogre
  4110 | D:3      | Reached skill level 5 in Earth Magic
  4110 | D:3      | Reached XP level 6. HP: 32/32 MP: 2/9
  4175 | D:4      | Reached skill level 1 in Fighting
  4216 | D:4      | Reached skill level 5 in Maces & Flails
  4216 | D:4      | Reached XP level 7. HP: 39/39 MP: 2/10
  4223 | D:4      | Found a staircase to the Ecumenical Temple.
  4247 | Temple   | Entered the Ecumenical Temple
  4638 | Temple   | Became a worshipper of Vehumet
  5336 | D:5      | Entered Level 5 of the Dungeon
  5372 | D:5      | Found a sand-covered staircase.
  5390 | Ossuary  | Entered an ossuary
  5476 | Ossuary  | Reached * piety under Vehumet
  5476 | Ossuary  | Offered knowledge of Freeze by Vehumet.
  5641 | Ossuary  | Reached skill level 6 in Maces & Flails
  5797 | D:5      | Reached XP level 8. HP: 46/46 MP: 9/12
  5914 | D:5      | Noticed MrFrosty176's ghost (novice DsAK)
  5953 | D:5      | Killed MrFrosty176's ghost
  5953 | D:5      | Reached skill level 7 in Maces & Flails
  5999 | D:5      | Noticed Eustachio
  6040 | D:5      | Slain by an ogre

Vault maps used:
D:1:      minmay_arrival_up_and_down
D:2:      chequers_ecumenical_altar_grove, uniq_natasha, uniq_robin
D:3:      kennysheep_nondescript, minmay_ogre_servants
D:4:      minmay_temple_entry_statues, first_ration
D:5:      grunt_temple_overflow_cloverleaf, nicolae_ossuary_entry_giza,
          serial_bayou, serial_bayou_pond_d, serial_bayou_ford_a,
          serial_bayou_pond_d, serial_bayou_pond_d, serial_shops,
          nicolae_shop_stone, uniq_blork_the_orc, uniq_eustachio, uniq_ijyb
Temple:   hc_temple_tempest_star
Ossuary:  ossuary_tomb_2

Skill      XL: |  1  2  3  4  5  6  7  8 |
---------------+-------------------------+-----
Maces & Flails | 1 2 3 4 5 6 7 |  7.6
Earth Magic    | 4 5 |  5.5
Conjurations   | 2 3 |  3.8
Fighting       | 1 3 |  3.0
Spellcasting   | 3 |  3.1
Dodging        | |  1.5
Stealth        | |  2.1
Transmutations | |  0.7

Action                   |  1- 3 |  4- 6 |  7- 9 || total
-------------------------+-------+-------+-------++-------
Melee: Club              |   156 |   152 |       ||   308
       Flail             |       |    25 |   224 ||   249
Throw: Stone             |       |     2 |       ||     2
 Cast: Sandblast         |    12 |    34 |    37 ||    83
       Stone Arrow       |       |     2 |     8 ||    10
  Use: Potion            |       |     1 |       ||     1
       Scroll            |       |     5 |     8 ||    13
 Stab: Sleeping          |     3 |     2 |     2 ||     7
  Eat: Chunk             |     4 |     8 |     4 ||    16
       Ration            |       |       |     1 ||     1
Armor: Robe              |    73 |    31 |       ||   104
       Acid dragon scale |       |    60 |   119 ||   179
Dodge: Dodged            |   131 |   131 |   133 ||   395

Table legend:
 A = Spawn XP
 B = Non-spawn XP
 C = Spawn XP percentage of total XP
 D = Spawn monster count
 E = Non-spawn monster count
 F = Spawn count percentage of total count
 G = Total turns spent on level
                    A         B        C        D         E        F      G
               +---------+---------+-------+---------+---------+-------+---------
         Total |       0 |    1871 |   0.0 |       0 |     142 |   0.0 |  6040
               +---------+---------+-------+---------+---------+-------+---------
           D:1 |       0 |      41 |   0.0 |       0 |      19 |   0.0 |  1270
           D:2 |       0 |     202 |   0.0 |       0 |      34 |   0.0 |  2014
           D:3 |       0 |     191 |   0.0 |       0 |      32 |   0.0 |   893
           D:4 |       0 |     370 |   0.0 |       0 |      17 |   0.0 |   765
           D:5 |       0 |     794 |   0.0 |       0 |      11 |   0.0 |   339
       Ossuary |       0 |     273 |   0.0 |       0 |      29 |   0.0 |   351
               +---------+---------+-------+---------+---------+-------+---------
